 Dungeon Crawl Stone Soup version 0.21.1-1-g345015f (webtiles) character file.

102 tyranidshit the Skirmisher (level 4, -5/39 HPs)
             Began as a Demonspawn Abyssal Knight on July 25, 2018.
             Was a Follower of Lugonu.
             Slain by Natasha (8 damage)
             ... on level 2 of the Dungeon.
             The game lasted 00:03:48 (1224 turns).

tyranidshit the Skirmisher (DsAK)                   Turns: 1224, Time: 00:03:49

Health: -5/39      AC: 16    Str: 14    XL:     4   Next: 50%
Magic:  5/5        EV:  9    Int: 13    God:    Lugonu [*.....]
Gold:   57         SH:  0    Dex: 12    Spells: 3/3 levels left

rFire    . . .     SeeInvis .   a - +1 hand axe
rCold    + . .     Gourm    .   (no shield)
rNeg     . . .     Faith    .   d - +0 scale mail
rPois    .         Spirit   .   (no helmet)
rElec    .         Reflect  .   g - +0 cloak
rCorr    .         Harm     .   (no gloves)
MR       .....                  (no boots)
Stlth    ..........             (no amulet)
HPRegen  0.13/turn              (no ring)
MPRegen  0.09/turn              (no ring)

@: sanguine armour
A: cold resistance 1, subdued magic 1, sanguine armour 2
a: Depart the Abyss, Renounce Religion


You were on level 2 of the Dungeon.
You worshipped Lugonu.
Lugonu was aware of your devotion.
You were not hungry.

You visited 1 branch of the dungeon, and saw 2 of its levels.
You visited the Abyss 1 time.

You collected 57 gold pieces.

Inventory:

Hand Weapons
 a - a +1 hand axe (weapon)
Missiles
 e - 7 needles of confusion
Armour
 b - a +0 leather armour
 d - a +0 scale mail (worn)
 g - a +0 cloak (worn)
Scrolls
 j - a scroll of teleportation
Comestibles
 c - 4 rations


   Skills:
 + Level 5.3 Fighting
 - Level 1.7 Axes
 - Level 1.7 Armour
 - Level 0.8 Dodging
 - Level 2.4 Invocations


You had 3 spell levels left.
You didn't know any spells.

Dungeon Overview and Level Annotations

Branches:
Dungeon (2/15)

Altars:

Annotations:
D:2 Natasha


Innate Abilities, Weirdness & Mutations

When seriously injured, your bleeding wounds create thick armour. (AC +9)
Your flesh is cold resistant. (rC+)
Your spells are a little easier to cast, but a little less powerful.


Message History

Your scale mail prevents you from hitting Natasha.
Natasha claws you!
Unknown command.
You closely miss Natasha. Natasha claws you.
* * * LOW HITPOINT WARNING * * *
Unknown command.
You barely miss Natasha. Natasha barely misses you.
You closely miss Natasha. Natasha barely misses you.
Natasha casts a spell.
Unknown command.
You hit Natasha.
Natasha is moderately wounded.
You hit the white imp but do no damage. Natasha claws you.
* * * LOW HITPOINT WARNING * * *
The white imp hits you but does no damage.
You aren't carrying any potions.
You closely miss Natasha.
Natasha is moderately wounded.
You hit the white imp but do no damage. Natasha claws you!
You die...

#### .... ... ..###
...## ... #.# # #†#
#.#.##@########
#....5.h......#
####..........# ...
+..........+......
#..........#......
#..........#......
............#......
.).................
....................


You could see Natasha and a white imp.

Vanquished Creatures
  Natasha (D:2)
  4 adders (D:2)
  An ooze (D:1)
  A worm (D:2)
  A ball python (D:1)
  3 bats
  2 giant cockroaches
  2 goblins (D:1)
  5 hobgoblins (D:1)
  5 jackals (D:1)
  A quokka (D:2)
  A frilled lizard (D:2)
  4 kobolds
  4 rats
35 creatures vanquished.

Notes
Turn   | Place    | Note
-------+----------+-------------------------------------------
     0 | Abyss:1  | tyranidshit the Demonspawn Abyssal Knight began the quest for the Orb.
     0 | Abyss:1  | Reached XP level 1. HP: 18/18 MP: 2/2
    27 | Abyss:2  | Noticed an ancient zyme
    37 | D:1      | Escaped the Abyss
   120 | D:1      | Gained mutation: When seriously injured, your bleeding wounds create armour. (AC +9) [demonic ancestry]
   120 | D:1      | Reached XP level 2. HP: 22/24 MP: 3/3
   426 | D:1      | Reached * piety under Lugonu
   533 | D:1      | Reached skill level 4 in Fighting
   864 | D:1      | Reached XP level 3. HP: 23/30 MP: 4/4
   902 | D:2      | Noticed Natasha
  1008 | D:2      | Gained mutation: Your spells are a little easier to cast, but a little less powerful. [potion of mutation]
  1008 | D:2      | Gained mutation: Your flesh is cold resistant. (rC+) [potion of mutation]
  1075 | D:2      | Found a faded altar of an unknown god.
  1191 | D:2      | Killed Natasha
  1191 | D:2      | Reached skill level 5 in Fighting
  1191 | D:2      | Gained mutation: When seriously injured, your bleeding wounds create thick armour. (AC +9) [demonic ancestry]
  1191 | D:2      | Reached XP level 4. HP: 17/39 MP: 5/5
  1211 | D:2      | Noticed Natasha
  1224 | D:2      | Slain by Natasha

Skill      XL: |  1  2  3 |
---------------+----------+-----
Fighting       | 4 5 |  5.3
Axes           | |  1.7
Armour         | |  1.7
Dodging        | |  0.8
Invocations    | |  2.4

Action                   |  1- 3 |  4- 6 || total
-------------------------+-------+-------++-------
Melee: Hand axe          |   124 |    14 ||   138
Invok: Depart the Abyss  |     1 |       ||     1
  Use: Scroll            |     3 |       ||     3
       Potion            |     3 |       ||     3
  Eat: Ration            |     1 |       ||     1
Armor: Scale mail        |    74 |     9 ||    83
Dodge: Dodged            |    72 |    16 ||    88
